 Dungeon Crawl Stone Soup version 0.30.1-11-g7821555f0a (webtiles) character file.

Game seed: 9205554639867054066

16011 Nonny the Spear-Bearer (level 12, -10/153 HPs)
             Began as a Merfolk Berserker on Nov 16, 2023.
             Was a High Priest of Trog.
             Mangled by a komodo dragon (21 damage)
             ... on level 2 of the Lair of Beasts.
             The game lasted 00:54:02 (8774 turns).

Nonny the Spear-Bearer (Merfolk Berserker)          Turns: 8774, Time: 00:54:03

Health: -10/153    AC: 16    Str: 21    XL:     12   Next: 33%
Magic:  12/12      EV: 15    Int:  6    God:    Trog [*****.]
Gold:   449        SH: 11    Dex: 15    Spells: 11/11 levels left

rFire   . . .        C - +0 trident (heavy)
rCold   . . .        L - +1 kite shield
rNeg    . . .        H - +0 swamp dragon scales
rPois   +            M - +0 helmet
rElec   .            y - +0 cloak
rCorr   .            D - +0 pair of gloves
SInv    .            (no boots)
Will    +++..        c - amulet of faith Stlth
                     n - +4 ring of protection
HPRegen 1.45/turn    a - ring of willpower
MPRegen 0.13/turn

%: faith
@: berserking, strong-willed, regenerating, very quick
A: (nimble swimmer 2), mertail
a: Renounce Religion, Berserk, Trog's Hand, Brothers in Arms


You were on level 2 of the Lair of Beasts.
You worshipped Trog.
Trog was extremely pleased with you.
You visited 3 branches of the dungeon, and saw 12 of its levels.
You also visited: Sewer.

You collected 701 gold pieces.
You spent 252 gold pieces at shops.

Inventory:

Hand Weapons
 z - a +3 spear of flaming
 C - a +0 heavy trident (weapon)
Missiles
 i - 9 javelins (quivered)
 p - 73 poisoned darts
 x - a throwing net
 E - 7 curare-tipped darts
Armour
 y - a +0 cloak (worn)
 D - a +0 pair of gloves (worn)
 H - +0 swamp dragon scales (worn)
 K - a +2 ring mail of cold resistance
 L - a +1 kite shield (worn)
 M - a +0 helmet (worn)
Jewellery
 a - a ring of willpower (right hand)
 c - an amulet of faith (around neck)
 n - a +4 ring of protection (left hand)
 A - a ring of resist corrosion
Wands
 h - a wand of acid (12)
 r - a wand of roots (17)
 F - a wand of charming (13)
 I - a wand of flame (27)
Scrolls
 b - 4 scrolls of teleportation
 g - a scroll of summoning
 k - 3 scrolls of immolation
 m - a scroll of acquirement {unknown}
 o - a scroll of vulnerability
 q - a scroll of fear
 u - a scroll of amnesia {unknown}
Potions
 d - 2 potions of resistance
 e - a potion of attraction
 f - 3 potions of curing
 j - 4 potions of haste
 l - 2 potions of heal wounds
 s - a potion of might {unknown}
 t - a potion of magic
 w - a potion of invisibility {unknown}
 B - 2 potions of mutation
 G - a potion of flight
 J - a potion of cancellation


   Skills:
 + Level 11.9 Fighting
 - Level 14.1 Polearms
 - Level 5.0 Armour
 + Level 10.6 Dodging
 + Level 5.8 Shields
 - Level 6.0 Evocations


You had 11 spell levels left.
You didn't know any spells.
Your spell library contained the following spells:

 Spells                   Type           Power      Damage    Failure   Level
 Airstrike                Air            0%         2d(0-16)  100%        4
 Summon Lightning Spire   Summ/Air       0%         N/A       100%        4
 Alistair's Intoxication  Tmut/Pois      0%         N/A       100%        5
 Freezing Cloud           Conj/Ice/Air   0%         6-21      100%        5


Dungeon Overview and Level Annotations

Branches:
Dungeon (9/15)             Temple (1/1) D:5            Lair (2/5) D:9
  Sewer (visited)
  Swamp: Lair:2-3    Shoals: Lair:2-3     Snake: Lair:2-3    Spider: Lair:2-3
    Orc: D:9-12

Altars:
Cheibriados
Dithmenos
Elyvilon
Fedhas
Gozag
Hepliaklqana
Kikubaaqudgha
Makhleb
Nemelex Xobeh
Okawaru
Qazlal
Ru
Sif Muna
Trog
Uskayaw
Vehumet
Wu Jian
Xom
Yredelemnul
Zin
The Shining One

Shops:
D:5 [*(   D:7 =


Innate Abilities, Weirdness & Mutations

((You are very nimble when in or above water. (Stealth+, EV+, Speed+++)))
Your lower body shifts to a powerful aquatic tail in water.


Message History

You impale the basilisk!!
The basilisk is heavily wounded.
You closely miss the basilisk.
The basilisk is heavily wounded.
You block the basilisk's attack.
You impale the basilisk!!
You feel the power of Trog in you as your rage grows.
You kill the basilisk!
Trog accepts your kill.
Reach: C) +0 trident (heavy)
Press: ? - help, Dir - move target You reach to attack!
You attack empty space.
You closely miss the komodo dragon.
The komodo dragon is lightly wounded.
The komodo dragon bites you!!
* * * LOW HITPOINT WARNING * * *
You are too berserk!
You hit the komodo dragon.
The komodo dragon is lightly wounded.
You hit the komodo dragon.
The komodo dragon is moderately wounded.
You block the komodo dragon's attack.
You hit the komodo dragon.
The komodo dragon is moderately wounded.
The komodo dragon bites you!
* * * LOW HITPOINT WARNING * * *
You barely miss the komodo dragon.
The komodo dragon is moderately wounded.
You hit the komodo dragon.
The komodo dragon is moderately wounded.
The komodo dragon barely misses you.
You puncture the komodo dragon!
The komodo dragon is heavily wounded.
The komodo dragon barely misses you.
You impale the komodo dragon!!
The komodo dragon is almost dead.
You hit the komodo dragon but do no damage.
The komodo dragon is almost dead.
The komodo dragon bites you!!
You die...

#.#..#..##
##.....## ##..###
.. ###..## ..#.
#.[..# .....
#...##### .....
##......#####.....
##l..P............
#@#.....>.........
####..............
##.............
#.............
##............
#............
#.#.....#.#..
##.#.......#..
#..#..........


You could see a komodo dragon.

Vanquished Creatures
  A two-headed ogre (D:9)
  Erica (D:9)
  Amaemon (D:9)
  Pikel (D:6)
  An ugly thing (D:9)
  4 elephants (Lair:2)
  Maurice (D:8)
  6 cane toads
  Joseph (D:8)
  An orange demon (D:9)
  Maggie (D:8)
  A kobold demonologist (D:8)
  7 komodo dragons
  A hornet (D:8)
  Sigmund (D:4)
  A wyvern (D:9)
  3 yaks (D:9)
  3 basilisks (Lair:2)
  Edmund (D:5)
  2 steam dragons
  Duvessa (D:5)
  Menkaure (D:7)
  A water moccasin (D:8)
  An orc warrior (D:8)
  Pargi (Sewer)
  An ice beast (D:7)
  3 black bears
  3 ogres
  A centaur (D:9)
  2 lemures (D:6)
  A phantom (D:5)
  18 kobold brigands
  5 bullfrogs
  2 scorpions
  18 wights
  16 killer bees
  Dowan (D:5)
  A howler monkey (D:9)
  2 jellies
  5 hounds
  A gnoll bouda (D:7)
  3 orc priests
  2 iguanas (D:6)
  2 orc wizards (D:8)
  Robin (D:3)
  11 gnolls
  7 adders
  11 river rats
  A shadow imp (D:7)
  A white imp (D:8)
  2 ufetubi
  A worm (D:6)
  A dart slug (D:1)
  18 orcs
  9 ball pythons
  5 endoplasms
  A giant cockroach (D:1)
  11 goblins
  4 hobgoblins
  3 jackals (D:5)
  4 quokkas
  7 bats
  5 frilled lizards
  29 kobolds
  17 rats
280 creatures vanquished.

Notes
Turn   | Place    | Note
-------+----------+-------------------------------------------
     0 | D:1      | Nonny the Merfolk Berserker began the quest for the Orb.
     0 | D:1      | Reached XP level 1. HP: 18/18 MP: 1/1
   105 | D:1      | Got Uplixe's Parchment of Envenoming and Astrapomancy
   130 | D:1      | Found a faded altar of an unknown god.
   262 | D:1      | Reached XP level 2. HP: 24/24 MP: 2/2
   790 | D:2      | Reached XP level 3. HP: 30/30 MP: 3/3
   832 | D:2      | Found a shimmering altar of Xom.
   948 | D:1      | D:2 uphatch viable for orbrun; as good as the other stairs.
  1091 | D:3      | Identified the +0 dagger "Ohoiwep" {freeze, Str+4}
  1135 | D:3      | Noticed Robin
  1149 | D:3      | Reached ** piety under Trog
  1155 | D:3      | Killed Robin
  1156 | D:3      | Reached skill level 5 in Polearms
  1276 | D:3      | Reached XP level 4. HP: 36/37 MP: 4/4
  1341 | D:3      | Reached XP level 5. HP: 16/42 MP: 5/5
  1382 | D:3      | Reached skill level 6 in Polearms
  1424 | D:3      | Found an opulent altar of Gozag.
  1594 | D:3      | Little deep water vault with +0 falchion of flaming in
                  | southwest.
  1855 | D:4      | Noticed an ogre
  1861 | D:4      | Killed an ogre
  1862 | D:4      | Reached XP level 6. HP: 45/49 MP: 6/6
  1999 | D:4      | Reached skill level 7 in Polearms
  2054 | D:4      | Noticed Sigmund
  2062 | D:4      | Killed Sigmund
  2063 | D:4      | Reached skill level 5 in Fighting
  2063 | D:4      | Reached XP level 7. HP: 56/56 MP: 7/7
  2214 | D:3      | D:4 uphatch maybe viable for orbrun.
  2366 | D:4      | Reached skill level 8 in Polearms
  2412 | D:5      | Entered Level 5 of the Dungeon
  2453 | D:5      | Found Sommi's Magic Scroll Shop.
  2466 | D:5      | Bought a scroll of identify for 24 gold pieces
  2466 | D:5      | Bought a scroll of identify for 24 gold pieces
  2466 | D:5      | Bought a scroll of identify for 24 gold pieces
  2466 | D:5      | Bought a scroll of poison for 48 gold pieces
  2466 | D:5      | Bought a scroll of teleportation for 36 gold pieces
  2466 | D:5      | Bought a scroll of fear for 48 gold pieces
  2479 | D:5      | Noticed Duvessa
  2488 | D:5      | Bought a scroll of poison for 48 gold pieces
  2496 | D:5      | Killed Duvessa
  2500 | D:5      | Noticed Dowan
  2548 | D:5      | Killed Dowan
  2678 | D:5      | Reached skill level 9 in Polearms
  2731 | D:5      | Reached XP level 8. HP: 56/63 MP: 8/8
  2747 | D:4      | D:5 uphatch seems good for orbrun.
  2780 | D:5      | Found a staircase to the Ecumenical Temple.
  2800 | Temple   | Entered the Ecumenical Temple
  3004 | Temple   | Temple: Autumn trails. :)
  3105 | D:5      | Found Muisk's Antique Armour Boutique.
  3113 | D:5      | Found Apleetel's General Store.
  3185 | D:5      | Noticed Edmund
  3195 | D:5      | Killed Edmund
  3321 | D:5      | Found a stormy altar of Qazlal.
  3431 | D:5      | Found Bidgh's Antique Weapon Emporium.
  3812 | D:6      | Found a glowing drain.
  3818 | D:6      | Noticed Pikel
  3860 | D:5      | Reached skill level 10 in Polearms
  3930 | D:6      | Killed Pikel
  3953 | Sewer    | Entered a sewer
  3958 | Sewer    | Deep water sewer. Great for merfolk. B)
  4031 | Sewer    | Noticed Pargi
  4050 | Sewer    | Killed Pargi
  4051 | Sewer    | Reached skill level 11 in Polearms
  4051 | Sewer    | Reached XP level 9. HP: 57/71 MP: 9/9
  4248 | D:5      | D:6 uphatch viable for orbrun, perhaps.
  4549 | D:6      | Found a shimmering blue altar of Sif Muna.
  4667 | D:7      | Found a sparkling altar of Nemelex Xobeh.
  4668 | D:7      | D:6 uphatch leads to Nemelex Xobeh vault. Deep water pools
                  | are nice for merfolk. B)
  4685 | D:7      | Reached *** piety under Trog
  4825 | D:7      | Noticed Menkaure
  4844 | D:7      | Reached skill level 12 in Polearms
  4846 | D:7      | Killed Menkaure
  4919 | D:7      | Another nice deep water room. A bunch of gnolls came from
                  | here.
  4985 | D:7      | Found a burning altar of Makhleb.
  4987 | D:7      | Found a shimmering altar of Xom.
  4987 | D:7      | Found an ancient bone altar of Kikubaaqudgha.
  4989 | D:7      | Found a white marble altar of Elyvilon.
  4989 | D:7      | Found a blossoming altar of Fedhas.
  4989 | D:7      | Found a shimmering blue altar of Sif Muna.
  5008 | D:7      | Classic Xom vault. :)
  5193 | D:7      | Found Lorihauts's Jewellery Shoppe.
  5306 | D:7      | Reached skill level 13 in Polearms
  5354 | D:7      | Reached XP level 10. HP: 82/82 MP: 10/10
  5400 | D:7      | Reached skill level 5 in Armour
  5570 | D:6      | D:7 uphatch leads to Sewer entrance (southeast D:6). Viable
                  | for orbrun with passwall.
  5629 | D:8      | Noticed Maggie
  5635 | D:8      | Killed Maggie
  5635 | D:8      | Reached **** piety under Trog
  5846 | D:7      | D:8 uphatch leads to southwestern D:7 Xom vault. Not viable
                  | for orbrun.
  5943 | D:8      | Noticed Maurice
  5952 | D:8      | Killed Maurice
  5953 | D:8      | Reached skill level 14 in Polearms
  6021 | D:8      | Reached skill level 1 in Evocations
  6041 | D:8      | RAT TRAP VAULT I HEART YOU
  6071 | D:8      | Reached ***** piety under Trog
  6129 | D:8      | Noticed Joseph
  6138 | D:8      | Reached skill level 5 in Dodging
  6157 | D:8      | Killed Joseph
  6158 | D:8      | Reached skill level 10 in Fighting
  6239 | D:8      | kite shield
  6382 | D:8      | Noticed a kobold demonologist
  6397 | D:8      | Killed a kobold demonologist
  6400 | D:8      | Reached XP level 11. HP: 92/92 MP: 11/11
  6434 | D:8      | Kobold brigands + demonologist vault in northeast. Posion
                  | scroll + attraction did SO MUCH WORK!
  6456 | D:8      | Received a gift from Trog
  6605 | D:9      | Found an ornate altar of the Wu Jian Council.
  6607 | D:9      | Found a white marble altar of Elyvilon.
  6635 | D:9      | Noticed Amaemon
  6648 | D:9      | Killed Amaemon
  6649 | D:9      | Reached skill level 1 in Shields
  6804 | D:9      | Just a heads up: Amaemon spawns with a bunch of killer bees
                  | in the eastern area.
  6911 | D:9      | Noticed a two-headed ogre
  6917 | D:9      | Killed a two-headed ogre
  6918 | D:9      | Noticed Erica
  6925 | D:9      | Noticed a cyan ugly thing
  6926 | D:9      | Killed Erica
  7053 | D:9      | Found a staircase to the Lair.
  7111 | D:9      | Reached skill level 5 in Evocations
  7119 | D:9      | Found a hide-covered altar of Uskayaw.
  7155 | D:9      | Killed a cyan ugly thing
  7307 | Lair:1   | Entered Level 1 of the Lair of Beasts
  7966 | Lair:1   | Lair:2 uphatch leads to southeastern Lair:1.
  8171 | Lair:2   | Reached XP level 12. HP: 100/100 MP: 12/12
  8247 | Lair:2   | Reached skill level 10 in Dodging
  8311 | Lair:2   | Reached skill level 5 in Shields
  8643 | Lair:2   | Some kind of circular vault at center of floor.
  8769 | Lair:2   | HP: 7/153 [komodo dragon (7)]
  8774 | Lair:2   | Mangled by a komodo dragon

Illustrated notes #....#.......## #...... #........>....###..>... #.....................) #.............#####.... #......÷......# ##### #........[....# #### #####.........# #... #.........######.(. #.@...........##.## #.........###....#. #.........# ####.#. ##.).....## #... ##.....## ###.# #..####### ##...# #.## #...# #..### #.# #...###.##.. #.# ##........... Turn 948 on D:1: D:2 uphatch viable for orbrun; as good as the other stairs. #.......##.## ##.### ####.##<##.####### #.# #.##.##.......###.# #.#...#######.#...###### #.............#...)....# ###...###########.####.## ##.###≈≈≈≈≈≈≈≈#........ #...#≈....).≈#.###.... ##.##@.♣##♣.≈#.###.... #..'..# #.≈#.....### ##.'..# #.≈#....#### ###≈.♣##♣.≈####.# #. #≈......≈# #.# #. #≈≈≈≈≈≈≈≈# #.# #. ########## #.# #. #.# ## #.# ## Turn 1594 on D:3: Little deep water vault with +0 falchion of flaming in southwest. ...≈# #.# #.########.##.# ≈≈≈≈# #.# #.### ####.##.###### ##### #.# #...# #.....)))....# #.# ###.###.##.##.####.# #.# ##...##.##.##.# ##.### #.###.....####.##.###.)... #..#.......###.##.##...... ##....._.....#.##.......## ###.....@.#.).######...# ##.....###.## ##### ##...## #.# ##.#####.# #.......# ######### Turn 2214 on D:3: D:4 uphatch maybe viable for orbrun. ........#.#.#.####.....#..# #######.#...........#..)..# ##...........######.#.###.# ...............>....#.....# ...###.......##.#...####### .### #.#...####.#.#.# .################.#.# ....#.#.#...#.#.#.#.# ###†..#...#.).#.@.#<# ###...#.#.#...#.### ###...#.#.#...#...# #...#...#...#...#.# #.#.#.#...#.#.#.#.# ###.#############(#.# ..'....>.....#....#.# ###...............#.# #.............#...# Turn 2747 on D:4: D:5 uphatch seems good for orbrun. ....................♣~≈≈~......#. ...............#...♣♣~≈~....._.♣. ♣....#........#...♣♣~≈≈~......... .....#.._..#..#._♣♣♣≈≈♣.......... ♣♣♣.........♣♣#♣♣♣♣≈≈♣♣.........♣ ♣♣.###.....♣ ♣♣≈≈≈♣♣♣._.#...... ♣♣♣ ♣..♣♣♣♣ ♣≈≈♣♣♣♣....#.....♣ ♣♣..♣ ♣♣≈♣♣♣♣♣.........♣♣ ♣♣♣♣♣...♣♣♣♣≈@♣♣♣..♣.......♣♣ ♣♣♣♣......♣..♣♣≈♣♣♣.........♣♣♣ ♣.#..........~≈≈♣♣...........#♣♣♣ ..#._.......~≈≈~♣....♣....._....♣ ..#.........~≈~................♣♣ ..##.#.....♣~≈≈~.._.............♣ ♣............~≈≈................. ♣♣............~≈≈~.....♣........♣ ♣♣......_.#...~≈≈~..♣♣♣........♣ Turn 3004 on Temple: Temple: Autumn trails. :) ##~≈≈≈≈≈ #..≈≈≈≈# #~≈≈≈≈≈### ##~≈≈≈≈≈≈≈# ##~≈≈≈≈≈≈≈## #∩≈≈≈≈≈≈≈≈≈# #∩≈≈≈≈≈≈≈≈≈# #..≈≈≈≈≈≈≈# ###.@≈≈≈≈≈# #~≈≈≈≈≈≈## #.~≈≈†≈≈≈≈≈≈# #..~~≈≈≈≈≈≈≈≈## .~~≈≈≈≈≈≈≈≈≈≈# ~≈≈≈≈≈≈≈≈≈≈≈≈# ~≈≈≈≈l≈≈≈≈≈≈## ≈≈≈≈≈≈≈≈≈≈≈≈# Turn 3958 on Sewer: Deep water sewer. Great for merfolk. B) #..........#.#.#>.....##...#..... #..........#'#'#......##.#.###### #............[....######.#....... #..<..............# #.######## #.................# #......... #####....##.......############### #.[..##...................... #....##.......##############. #....##.....@.# ##. #....##.......# #.. #....##.......# #.[ #####..........#### #.. #..............# #.. #.....#........# #.. #.....#........###### #.# ......'.............# #.# #####...............# #.# Turn 4248 on D:5: D:6 uphatch viable for orbrun, perhaps. ####+#### +.......+ #.≈...≈.# #.≈._.≈.# #.≈..@≈.# +.......+ ####+#### Turn 4668 on D:7: D:6 uphatch leads to Nemelex Xobeh vault. Deep water pools are nice for merfolk. B) #. #######.# #.# ......... ####'#### #####..# #≈≈≈.≈≈≈# #... # #≈≈...≈≈########... #.##≈.....≈#.......... ..'.......'.#######.. #≈.....≈#.# #.. #≈@...≈≈#.# ##. #≈≈≈.≈≈≈#.# #. ####'####.# #. #......# #. ######## ## Turn 4919 on D:7: Another nice deep water room. A bunch of gnolls came from here. # # ########### # #.8.8.8.8.# # #8.......8# # #...:.....# # #.........# # #8.......8############ #....@.._.#.).)....... #8.......8#.########.# ####...####.# #.# #...####.# #.# #...#....# #.# #8.8##.### #.# ##'###.# #.# #.....# #.# ####### #.# Turn 5008 on D:7: Classic Xom vault. :) #..###..#..........÷÷÷....# .......##.#...............# ##.######.#.........>.....# #.# #...#...............# #.# #.####.............## #.# #.# #~~..........## #.####.# #~~~..#.###### ##...##.####~~~~.#.# .###.......#~~~~@..# ........##<#.~~~...# .#########.######..## .# #...# #...# .##### #.### ###..### .....###.# #......# ..##.##..# #......# #..#.##.## #......# #.......# #......# Turn 5570 on D:6: D:7 uphatch leads to Sewer entrance (southeast D:6). Viable for orbrun with passwall. #.# #.# ####.# #.# #....# #.##### #.#..# #.....# #...## #####.# ##.## #.# #.# #.# ########### #.# #.8.8.8@8.# #.# #8.......8# #)# #...:.....# #.# #.........# #.# #8.......8############). #......._.#.).)........) #8.......8#.########.### ####...####.# #.# #...####.# #.# Turn 5846 on D:7: D:8 uphatch leads to southwestern D:7 Xom vault. Not viable for orbrun. ###### #....# ## ###..#####. #############....)†.... #.....@.........######. #.####r####.....# #. rrr #.....# #. rrrr. #.....# #. rrrrrrr#.....# ## #########..<..# ...##... ....# ##. Turn 6041 on D:8: RAT TRAP VAULT I HEART YOU ########## #......... ##### #......... #...#####......... ####.#............... .....#.......@[..### #..............# #+####..............# ..................>.# ....................# ......############### ......# #...# ......# ###.#.######### ......# #......<......# Turn 6239 on D:8: kite shield .. ####### .. ......# ##### .####......# #...# )#........# ##...## ).)......# .'....# #.)......# ##....# ####))).....# ##....# #...)@).....# ......# #...........# ##.##.######..#........# ..............'........# ..#.#.#########>.......# #...#..### #........# .........# #.######## .......#.# #'# ..#...##.# .o. Turn 6434 on D:8: Kobold brigands + demonologist vault in northeast. Posion scroll + attraction did SO MUCH WORK! yy .###### ..... ......# ...... ...... .....####....# ...........#### #..#...#..>... .... #..#.......# #...## #...††.....#.. ......###...@......... ........#.......##.... #...............##...# #....##............ # ######................... .......##................ ..._..##....#............ ...8...###..#.......##... ..._........##.#...## ### Turn 6804 on D:9: Just a heads up: Amaemon spawns with a bunch of killer bees in the eastern area. ......## .......# .......## ........## ......#..####### .......#....##.## ##....###..##...## ###.## ##.......## ### ##.....@.# ##.....## #.....# ##...## #.#.## ##### Turn 7966 on Lair:1: Lair:2 uphatch leads to southeastern Lair:1.

...#...#....#...#...#....##.....#
..##...#~...#...##...##..##......
.#....#.~.##.....##...#...#.....P
.##...~~.#~.......##.~.#..##.....
.##..##..#~~.###.~##.~~#..##.....
.#...##~.##~. #...##..#...#......
.##.†.# .....##...##..##..##.....
. #..## ..#.......#....#.........
. #...# ..##....@##..##....#....#
. ##..##....####~~....#..##.....#
. #....#...#.###...##....#......
. #....##.........##....##.....#
##....###.....##.....#........
...#.....##.#..###.....#......†#
......#........##.....##.........
#.....##.............##..........
#......#............##...........


Turn 8643 on Lair:2: Some kind of circular vault at center of floor.

Levels and vault maps discovered:
D:1:      erik_arrival_triangle_medium, layout_rooms,
          chequers_ecumenical_altar_simple_redux
D:2:      layout_loops_ring, basic_altar
D:3:      layout_loops_ring, lemuel_round_altar, roderic_malta_cross,
          kennysheep_generic_room_6, uniq_robin
D:4:      layout_basic, minmay_misc_feat_alley, corexii_checkpoint_a,
          uniq_sigmund
D:5:      layout_basic, nicolae_qazlal_scattered_showers,
          minmay_temple_entry_slanted, serial_shops, shop,
          nicolae_shop_tiny_statue_garden, nicolae_inconvenience_store,
          nicolae_shop_temple_entry_statues_fountains, uniq_edmund, uniq_duvessa
D:6:      layout_rooms, mainiacjoe_overflow_alcove_1, portal_sewer_entry_b,
          uniq_pikel
D:7:      layout_loops_ring, doesnt_xom_only_xom,
          mainiacjoe_overflow_six_doors_small, serial_shops, shop,
          kennysheep_small_square, uniq_menkaure
D:8:      layout_basic, special_room [special_room_kobold],
          hangedman_decor_peaks_small, dk_rats_in_the_wall, uniq_maggie,
          uniq_joseph, uniq_maurice
D:9:      layout_cave_pools, nicolae_uskayaw_murder_on_the_dancefloor,
          chequers_temple_overflow_statue_of_worship, lair_entry_dummy,
          uniq_amaemon, uniq_erica
Temple:   oiseaux_autumnal_temple
Lair:1:   layout_cave_pods
Lair:2:   hellmonk_ruined_rings, layout_chaotic_city, beast_lair_carwin_9

Skill      XL: |  1  2  3  4  5  6  7  8  9 10 11 12 |
---------------+-------------------------------------+-----
Dodging        | 3 6 9 10 | 10.6
Fighting       | 4 5 6 8 10 11 | 11.9
Polearms       | 5 6 7 9 11 13 14 | 14.1
Armour         | 2 3 4 5 |  5.0
Evocations     | 3 5 6 |  6.0
Shields        | 4 5 |  5.8

Action                     |  1- 3 |  4- 6 |  7- 9 | 10-12 || total
---------------------------+-------+-------+-------+-------++-------
  Melee: Spear             |   149 |    39 |       |       ||   188
         Punch             |       |     1 |     2 |     1 ||     4
         Trident           |       |    59 |    91 |   456 ||   606
         Halberd           |       |     4 |   196 |       ||   200
         Tailslap          |       |       |    14 |       ||    14
  Throw: Javelin           |       |       |     1 |       ||     1
 Invoke: Berserk           |     1 |     4 |     8 |     6 ||    19
         Trog's Hand       |       |       |     4 |     3 ||     7
    Use: Scroll            |       |     2 |     7 |    16 ||    25
         Potion            |       |       |     5 |     3 ||     8
 Armour: Ring mail         |     8 |       |       |       ||     8
         Animal skin       |     2 |       |       |       ||     2
         Chain mail        |    81 |    50 |   106 |       ||   237
         Troll leather arm |       |       |    44 |       ||    44
         Swamp dragon scal |       |       |       |   219 ||   219
  Dodge: Dodged            |    72 |    31 |   156 |   287 ||   546
  Block: Kite shield       |       |       |       |   146 ||   146
